[Event "Titled Tuesday Blitz August 16 Late 2022"]
[White "Lehtosaari, Mauri"]
[Black "Kovacevic, Radmila"]
[WhiteFideId "501999"]
[BlackFideId "933171"]
[WhiteElo "2200"]
[BlackElo "2157"]
[Result "1-0"]
[Round "05"]
[TimeControl "180+1"]
[Date "2022.08.18"]
[WhiteClock "0:00:00"]
[BlackClock "0:00:00"]

1. d4 e5 2. Nf3 e4 3. Nfd2 Nf6 4. Nb3 a5 5. a4 b6 6. Bg5 h6 7. Bxf6 Qxf6 8. e3 Qg6 9. c4 Bb4+ 10. Nc3 O-O 11. g3 Ba6 12. Nd2 Re8 13. Bg2 f5 14. O-O Bxc3 15. bxc3 Nc6 16. Re1 Re7 17. Qb3 Kh8 18. Qa3 Rae8 19. c5 Bd3 20. cxb6 cxb6 21. Qb3 Nd8 22. Ra2 Nf7 23. Rb2 Re6 24. Nc4 Rc8 25. Nd2 Rec6 26. Rc1 Nd6 27. Bf1 Bxf1 28. Kxf1 f4 29. exf4 e3 30. fxe3 Qd3+ 31. Kf2 Rxc3 32. Rxc3 Rxc3 33. Qxb6 Qxe3+ 34. Kg2 Qe2+ 35. Kh3 Nf5 36. Qg6 Ne3 37. Rb8+ Rc8 38. Rxc8# 1-0


[Site "https://www.chess.com"]

[Event "Titled Tuesday Blitz August 16 Late 2022"]
[White "Levine, Joseph"]
[Black "Goltsev, Dmitry"]
[WhiteFideId "30940346"]
[BlackFideId "24176710"]
[WhiteElo "1810"]
[BlackElo "2258"]
[Result "1-0"]
[Round "05"]
[TimeControl "180+1"]
[Date "2022.08.16"]
[WhiteClock "0:00:18"]
[BlackClock "0:00:45"]

1. e4 e6 2. d3 d5 3. Nd2 dxe4 4. dxe4 c5 5. Ngf3 Nc6 6. c3 Nf6 7. e5 Nd7 8. Bb5 Qc7 9. Qe2 a6 10. Bxc6 Qxc6 11. O-O Be7 12. Ne4 b6 13. Rd1 Bb7 14. Nd6+ Bxd6 15. Rxd6 Qe4 16. Be3 Nxe5 17. Rxb6 Bd5 18. b3 Nxf3+ 19. Qxf3 Qg6 20. Qg3 Rc8 21. c4 Be4 22. Qxg6 hxg6 23. Rxa6 O-O 24. Ra5 Rfd8 25. f3 Bc2 26. Rc1 Rd1+ 27. Rxd1 Bxd1 28. Kf2 Bc2 29. Bxc5 Rd8 30. Be3 Rd1 31. c5 Bd3 32. c6 e5 33. c7 Bf5 34. Rxe5 Bd7 35. Re8+ Kh7 36. Rd8 f5 37. Rxd7 Rxd7 38. c8=Q Rd3 39. Qc2 Rd8 40. a4 f4 41. Bxf4 Rf8 42. Be3 Rf6 43. a5 Kh8 44. b4 Rf7 45. Qxg6 Rf6 46. Qxf6 gxf6 47. a6 Kh7 48. a7 f5 49. a8=Q f4 50. Qe4+ Kh6 51. Qxf4+ Kh5 52. Qg5# 1-0


[Site "https://www.chess.com"]

[Event "Titled Tuesday Blitz August 16 Late 2022"]
[White "Maltsevskaya, Aleksandra"]
[Black "Kobo, Ori"]
[WhiteFideId "24174041"]
[BlackFideId "2812320"]
[WhiteElo "2243"]
[BlackElo "2420"]
[Result "0-1"]
[Round "05"]
[TimeControl "180+1"]
[Date "2022.08.16"]
[WhiteClock "0:00:02"]
[BlackClock "0:00:07"]

1. e4 g6 2. d4 Bg7 3. Nf3 d6 4. c3 Nf6 5. Bd3 O-O 6. O-O Nc6 7. h3 e5 8. Re1 a5 9. Na3 Re8 10. Bg5 h6 11. Bh4 g5 12. Bg3 exd4 13. Nxd4 Ne5 14. Nc4 Nxd3 15. Qxd3 Nh5 16. Bh2 g4 17. e5 d5 18. Ne3 gxh3 19. Nef5 Qg5 20. Qxh3 c5 21. e6 Bxe6 22. Nxe6 fxe6 23. Nd6 Rf8 24. Qxe6+ Kh7 25. Rad1 d4 26. Ne4 Qf5 27. Qxf5+ Rxf5 28. g4 Rd5 29. gxh5 Rxh5 30. Bg3 a4 31. a3 b5 32. Kg2 dxc3 33. Nxc3 b4 34. Nd5 Bxb2 35. axb4 a3 36. Re7+ Kg8 37. Nb6 Rf8 38. Nc4 Bd4 39. bxc5 Bxc5 40. Re5 Rxe5 41. Nxe5 Ra8 42. Nc4 a2 43. Be5 Kf7 44. Rc1 Ke6 45. Ba1 Kd5 46. Nd2 Ba3 47. Rd1 Kc5 48. Ne4+ Kb4 49. Rd4+ Kb3 50. Rd3+ Kc2 51. Rd2+ Kb1 52. Nc3+ Kc1 53. Nxa2+ Kxd2 54. Bd4 Kd3 55. Be3 Bf8 56. Nc1+ Ke4 57. Ne2 Kf5 58. Ng3+ Kg6 59. Kh3 h5 60. f4 Be7 61. f5+ Kf6 62. Bd4+ Kg5 63. Be3+ Kf6 64. Bd4+ Kf7 65. Nxh5 Ra3+ 66. Kg2 Ra2+ 67. Kf3 Ra4 68. Ke4 Bc5 0-1


[Site "https://www.chess.com"]

[Event "Titled Tuesday Blitz August 16 Late 2022"]
[White "Martic, Ivan"]
[Black "Urh, Zala"]
[WhiteFideId "929301"]
[BlackFideId "14611481"]
[WhiteElo "2355"]
[BlackElo "2097"]
[Result "1-0"]
[Round "05"]
[TimeControl "180+1"]
[Date "2022.08.18"]
[WhiteClock "0:00:00"]
[BlackClock "0:00:00"]

1. d4 d5 2. Nf3 Nf6 3. e3 Bf5 4. c4 c6 5. Nc3 e6 6. Nh4 Bg6 7. Qb3 Qb6 8. Nxg6 hxg6 9. Bd2 Nbd7 10. Be2 Be7 11. h3 a5 12. c5 Qc7 13. f4 b6 14. cxb6 Qxb6 15. Qc2 O-O 16. O-O Rfb8 17. Na4 Qc7 18. Rfc1 Ne4 19. Be1 c5 20. Bd3 Ndf6 21. dxc5 Rc8 22. c6 Rab8 23. a3 Qa7 24. Qe2 Rc7 25. b4 axb4 26. axb4 Bxb4 27. Nc5 Qb6 28. Bxb4 Qxc6 29. Nxe4 Qxc1+ 30. Rxc1 Rxc1+ 31. Kh2 dxe4 32. Bb5 Rb1 33. Bc3 R8xb5 34. Qc2 R5b3 35. Bd4 Nd5 36. Qxe4 Rd1 37. Qe5 Nf6 38. Qa5 Rbb1 39. Kg3 Ne4+ 40. Kf3 Nf6 41. Qa8+ Kh7 42. Qf8 Rg1 43. Qxf7 Rbf1+ 44. Ke2 Re1+ 45. Kd2 Rd1+ 46. Kc2 Rc1+ 47. Kb3 Rb1+ 48. Ka4 Rxg2 49. Ka3 Rgg1 50. Bxf6 Kh6 51. Bxg7+ Kh5 52. Bf6 1-0


[Site "https://www.chess.com"]

[Event "Titled Tuesday Blitz August 16 Late 2022"]
[White "Martin Barcelo, Carles"]
[Black "Kaganskiy, Gleb"]
[WhiteFideId "24561444"]
[BlackFideId "4132025"]
[WhiteElo "1922"]
[BlackElo "2165"]
[Result "1-0"]
[Round "05"]
[TimeControl "180+1"]
[Date "2022.08.18"]
[WhiteClock "0:00:00"]
[BlackClock "0:00:00"]

1. d4 d6 2. Nf3 Nf6 3. Nc3 Nbd7 4. e4 e5 5. Bc4 Be7 6. a4 O-O 7. O-O c6 8. h3 a5 9. Re1 Nb6 10. Bf1 exd4 11. Qxd4 d5 12. Bg5 h6 13. Bh4 Nbd7 14. exd5 Nxd5 15. Bxe7 Nxe7 16. Rad1 Ng6 17. Bc4 Qf6 18. Qd6 Qxd6 19. Rxd6 Nf6 20. Ne5 Nxe5 21. Rxe5 Bd7 22. Re7 Rad8 23. f3 Bc8 24. Bxf7+ Kh7 25. Rxd8 Rxd8 26. Rc7 Rd7 27. Rxd7 Bxd7 28. Kf2 g5 29. g4 Kg7 30. Bc4 Be8 31. Kg3 h5 32. f4 h4+ 33. Kf3 Kh6 34. Ne4 Nxe4 35. Kxe4 gxf4 36. Kxf4 Bg6 37. Bd3 Bf7 38. g5+ Kg7 39. Kg4 c5 40. c4 Be6+ 41. Kxh4 Bd7 42. b3 b6 43. Kg3 Kh8 44. h4 Kg7 45. h5 Be8 46. h6+ Kh8 47. g6 b5 48. axb5 a4 49. bxa4 Bf7 50. b6 Bd5 51. cxd5 c4 52. b7 cxd3 53. b8=Q# 1-0


[Site "https://www.chess.com"]

[Event "Titled Tuesday Blitz August 16 Late 2022"]
[White "Martinez Alcantara, Jose Eduardo"]
[Black "Mikhailov, Viacheslav"]
[WhiteFideId "3805662"]
[BlackFideId "4187369"]
[WhiteElo "2703"]
[BlackElo "2381"]
[Result "1-0"]
[Round "05"]
[TimeControl "180+1"]
[Date "2022.08.16"]
[WhiteClock "0:00:10"]
[BlackClock "0:00:03"]

1. e4 c5 2. Nf3 Nc6 3. c3 g6 4. d4 cxd4 5. cxd4 Bg7 6. Nc3 d6 7. h3 Nf6 8. d5 Nb8 9. Be3 O-O 10. Be2 a6 11. O-O b5 12. a3 Nbd7 13. Nd4 Bb7 14. Qd2 Nc5 15. f3 Nh5 16. Kh2 Bxd4 17. Bxd4 Nb3 18. Qe3 Nxd4 19. Qxd4 Nf4 20. Qd2 e5 21. dxe6 fxe6 22. g3 Nxe2 23. Nxe2 Rc8 24. Rad1 d5 25. e5 Qb6 26. Nd4 Rc4 27. b3 Rc7 28. Rc1 Rfc8 29. Rxc7 Rxc7 30. h4 a5 31. Rd1 b4 32. axb4 axb4 33. Qg5 Rg7 34. Qe3 h5 35. Rc1 Kh7 36. Qf4 Qa6 37. Qd2 Rf7 38. Qxb4 Qa2+ 39. Rc2 Qa1 40. Nxe6 Qf1 41. Ng5+ Kg7 42. Nxf7 Qxf3 43. Qxb7 1-0


[Site "https://www.chess.com"]

[Event "Titled Tuesday Blitz August 16 Late 2022"]
[White "Martinez Reyes, Pedro Ramon"]
[Black "Gomez Ledo, Roberto Carlos"]
[WhiteFideId "3901807"]
[BlackFideId "3507076"]
[WhiteElo "2327"]
[BlackElo "2379"]
[Result "0-1"]
[Round "05"]
[TimeControl "180+1"]
[Date "2022.08.16"]
[WhiteClock "0:00:04"]
[BlackClock "0:00:40"]

1. e4 d6 2. d4 Nf6 3. Nc3 e5 4. Nf3 Nbd7 5. g4 d5 6. dxe5 Nxe4 7. Qxd5 Nxc3 8. bxc3 c6 9. Qe4 Qa5 10. Bd2 Nc5 11. Qf4 Ne6 12. Qe4 Bc5 13. Bd3 Bd7 14. O-O O-O-O 15. Rfb1 Bb6 16. c4 Qa4 17. Rb4 Qa3 18. Rb3 Qe7 19. Bb4 Bc5 20. a3 h5 21. h3 hxg4 22. hxg4 Rh3 23. Rab1 Rdh8 24. Be1 Rg3+ 25. Kf1 Rh1+ 26. Ke2 Rxf3 27. Kxf3 Ng5+ 28. Kg2 Nxe4 29. Kxh1 Qh4+ 30. Kg2 Nxf2 31. Be2 Qh1+ 32. Kg3 Qg1+ 33. Kf4 g5+ 34. Kxg5 Nxg4 35. Rg3 Be3+ 36. Rxe3 Qxe3+ 0-1


[Site "https://www.chess.com"]

[Event "Titled Tuesday Blitz August 16 Late 2022"]
[White "Martinez, Shawn"]
[Black "Lorenzo De La Riva, Lazaro"]
[WhiteFideId "2039770"]
[BlackFideId "2268809"]
[WhiteElo "2174"]
[BlackElo "2325"]
[Result "1-0"]
[Round "05"]
[TimeControl "180+1"]
[Date "2022.08.18"]
[WhiteClock "0:00:00"]
[BlackClock "0:00:00"]

1. e4 e6 2. d4 d5 3. Bd3 dxe4 4. Bxe4 Nf6 5. Bf3 c5 6. Ne2 Nc6 7. Be3 cxd4 8. Nxd4 Ne5 9. O-O Nxf3+ 10. Qxf3 Be7 11. Rd1 Qa5 12. Nc3 O-O 13. a3 a6 14. h3 Qh5 15. Qg3 Bd7 16. Rd2 Rac8 17. Nde2 Qg6 18. Qe5 Bc6 19. Nf4 Qf5 20. Qxf5 exf5 21. Ncd5 Nxd5 22. Nxd5 Bxd5 23. Rxd5 Rxc2 24. b4 Bf6 25. Rad1 Ra2 26. R1d3 g6 27. Rd7 Bb2 28. Bh6 Re8 29. Rxb7 Be5 30. g4 fxg4 31. hxg4 Bg7 32. Be3 Be5 33. Kg2 Rc2 34. Rdd7 Rc6 35. Rxf7 h5 36. g5 Rce6 37. Rfd7 h4 38. Kh3 Bb2 39. a4 Bc3 40. b5 axb5 41. axb5 Re4 42. b6 Rf8 43. Rh7 Rf3+ 44. Kh2 Rf8 45. Rhc7 Be5+ 46. Kh3 Rf3+ 47. Kg2 Bxc7 48. Kxf3 1-0


[Site "https://www.chess.com"]

[Event "Titled Tuesday Blitz August 16 Late 2022"]
[White "McBryde, Lamel"]
[Black "Bochnicka, Vladimir"]
[WhiteFideId "2058596"]
[BlackFideId "14943450"]
[WhiteElo "2136"]
[BlackElo "1939"]
[Result "0-1"]
[Round "05"]
[TimeControl "180+1"]
[Date "2022.08.18"]
[WhiteClock "0:00:00"]
[BlackClock "0:00:00"]

1. Nf3 c5 2. b3 Nc6 3. e3 d6 4. d4 cxd4 5. exd4 d5 6. Bb2 Nf6 7. a3 Bg4 8. Bd3 e6 9. Nbd2 Bd6 10. c4 O-O 11. Qc2 Rc8 12. c5 Bb8 13. O-O Re8 14. Rfe1 a5 15. Bc3 Bh5 16. b4 Bg6 17. b5 Ne7 18. Ne5 Bxe5 19. Rxe5 Bxd3 20. Qxd3 Ng6 21. Ree1 Nh5 22. g3 Qg5 23. Kh1 Qg4 24. Qf3 Qg5 25. Bxa5 e5 26. Qxd5 Qf5 27. Qf3 Qh3 28. Bc3 e4 29. Qg2 Qg4 30. h3 Qe6 31. Re2 Nhf4 32. gxf4 Nxf4 33. Qg4 Qxg4 34. hxg4 Nxe2 35. Bb2 Rcd8 36. Nc4 Nxd4 37. Rd1 Nf3 38. Rxd8 Rxd8 39. Nd6 b6 40. Nb7 Rd1+ 41. Kg2 h5 42. gxh5 g5 43. hxg6 fxg6 44. c6 g5 45. Kh3 Rg1 46. c7 g4# 0-1


[Site "https://www.chess.com"]

[Event "Titled Tuesday Blitz August 16 Late 2022"]
[White "Melikhov, Evgeny V."]
[Black "Mcconnell, Sullivan"]
[WhiteFideId "4122046"]
[BlackFideId "30934885"]
[WhiteElo "1963"]
[BlackElo "2684"]
[Result "0-1"]
[Round "05"]
[TimeControl "180+1"]
[Date "2022.08.16"]
[WhiteClock "0:00:02"]
[BlackClock "0:00:25"]

1. d4 e6 2. c4 b6 3. Nc3 Bb4 4. e4 Bb7 5. e5 Bxc3+ 6. bxc3 d6 7. Nf3 dxe5 8. Nxe5 Ne7 9. Bd3 Nbc6 10. Bf4 Nxe5 11. Bxe5 O-O 12. O-O Ng6 13. Bg3 c5 14. Qg4 f5 15. Qe2 Re8 16. Rad1 Qg5 17. f4 Qf6 18. Qe3 Rac8 19. Rfe1 Nf8 20. Qe5 Qxe5 21. dxe5 Rcd8 22. Be2 Rd7 23. Rxd7 Nxd7 24. Rd1 Nb8 25. Kf2 Kf7 26. Rd6 Re7 27. Bh4 Rd7 28. Rxd7+ Nxd7 29. Bd8 Ke8 30. Bc7 Nf8 31. h3 Kd7 32. Bd6 Ng6 33. g3 Nh8 34. g4 g6 35. Kg3 Nf7 36. Bf8 Ke8 37. Bg7 Be4 38. h4 Nd8 39. h5 Kf7 40. Bf6 Nc6 41. h6 Na5 0-1


[Site "https://www.chess.com"]

[Event "Titled Tuesday Blitz August 16 Late 2022"]
[White "Mendez Fortes, Eduardo Jesus"]
[Black "Abdyzhapar, Asylbek"]
[WhiteFideId "3502376"]
[BlackFideId "13800337"]
[WhiteElo "2307"]
[BlackElo "2323"]
[Result "0-1"]
[Round "05"]
[TimeControl "180+1"]
[Date "2022.08.18"]
[WhiteClock "0:00:00"]
[BlackClock "0:00:00"]

1. e4 e5 2. Nf3 Nc6 3. Bb5 a6 4. Ba4 Nf6 5. O-O Nxe4 6. d4 b5 7. Bb3 d5 8. dxe5 Be6 9. c3 Nc5 10. Bc2 Be7 11. Nbd2 d4 12. Nb3 d3 13. Bb1 Nxb3 14. axb3 Bg4 15. h3 Bh5 16. Qxd3 Qxd3 17. Bxd3 Bxf3 18. gxf3 Nxe5 19. Be4 Rd8 20. Rxa6 O-O 21. Be3 Nd3 22. Bxd3 Rxd3 23. Rc6 Bd6 24. Ra1 f5 25. Bc5 Rf6 26. Bxd6 cxd6 27. Rc7 h6 28. Re1 f4 29. Re2 Rxf3 30. Kh2 Rg6 31. Rd7 Rd3 32. Rb7 f3 33. Re1 Rg2+ 34. Kh1 Rd2 35. Rf1 Rd5 36. Rb8+ Kh7 37. Rf8 Rd3 38. Rxf3 Rxf3 39. Kxg2 Rd3 40. f4 Kg6 41. Rf3 Rd1 42. Rf2 Kf5 43. Kg3 g6 44. Kf3 Rd3+ 45. Kg2 d5 46. Kf1 b4 47. Kg2 bxc3 48. bxc3 Rxc3 49. Rb2 d4 50. Kf2 Kxf4 51. b4 Rxh3 52. Kg1 Ra3 53. b5 Ke3 54. b6 Ra1+ 55. Kg2 Ra8 56. Kf1 d3 0-1


[Site "https://www.chess.com"]

[Event "Titled Tuesday Blitz August 16 Late 2022"]
[White "Mihajlov, Sebastian"]
[Black "Coelho, Ramyres Santana"]
[WhiteFideId "1512110"]
[BlackFideId "2120690"]
[WhiteElo "2464"]
[BlackElo "1888"]
[Result "1-0"]
[Round "05"]
[TimeControl "180+1"]
[Date "2022.08.18"]
[WhiteClock "0:00:00"]
[BlackClock "0:00:00"]

1. e4 c5 2. Nf3 d6 3. d4 cxd4 4. Nxd4 Nf6 5. Nc3 a6 6. Bc4 e6 7. O-O Be7 8. f4 O-O 9. f5 e5 10. Nde2 b5 11. Bb3 Bb7 12. Ng3 Nbd7 13. Nd5 Nxd5 14. Bxd5 Bxd5 15. Qxd5 Nf6 16. Qd3 h6 17. Rd1 Rc8 18. a4 Qc7 19. c3 Qc6 20. axb5 axb5 21. Be3 Ng4 22. Kh1 Nxe3 23. Qxe3 Rfd8 24. Rd5 Ra8 25. Rad1 Ra2 26. Qe2 Bh4 27. Nh5 Qxc3 28. Qg4 1-0


[Site "https://www.chess.com"]

[Event "Titled Tuesday Blitz August 16 Late 2022"]
[White "Miszler, Levente"]
[Black "Karaev, Seit-Amet"]
[WhiteFideId "763276"]
[BlackFideId "4169549"]
[WhiteElo "1966"]
[BlackElo "2272"]
[Result "1-0"]
[Round "05"]
[TimeControl "180+1"]
[Date "2022.08.18"]
[WhiteClock "0:00:00"]
[BlackClock "0:00:00"]

1. Nf3 Nf6 2. c4 g6 3. g3 Bg7 4. Bg2 O-O 5. O-O d6 6. Nc3 c5 7. d3 Nc6 8. a3 a5 9. Rb1 Rb8 10. Ne1 Bd7 11. Nc2 b6 12. b4 axb4 13. axb4 Nd4 14. e3 Nxc2 15. Qxc2 Qc7 16. Bd2 Bc6 17. bxc5 bxc5 18. Rxb8 Rxb8 19. Rb1 Bxg2 20. Kxg2 h5 21. e4 e6 22. Nb5 Qd7 23. Bc3 h4 24. Qb2 Ne8 25. Bxg7 Nxg7 26. Qf6 hxg3 27. hxg3 Nh5 28. Qc3 e5 29. Ra1 Qg4 30. Qd2 Nf4+ 31. Kg1 Nh3+ 32. Kg2 Ng5 33. Qe3 Qh3+ 34. Kg1 Ne6 35. Nxd6 Nd4 36. Nb5 Nc2 37. Qc1 Nxa1 38. Qxa1 Qd7 39. Qxe5 Ra8 40. Qd5 Ra1+ 41. Kg2 Qg4 42. Nd6 Qd7 43. Qxc5 Kh7 44. d4 Ra6 45. e5 Ra2 46. Qd5 Kg7 47. c5 Qg4 48. Qf3 Qe6 49. Qe4 Rb2 50. d5 Qd7 51. c6 Qa7 52. Qf4 Qa1 53. Qxf7+ Kh6 54. Qf4+ Kg7 55. Qf7+ Kh6 56. Qf8+ Kh7 57. Ne4 Qd1 58. Nf6# 1-0


[Site "https://www.chess.com"]

[Event "Titled Tuesday Blitz August 16 Late 2022"]
[White "Moore, Alex"]
[Black "Ardila, Oscar Humberto"]
[WhiteFideId "30910692"]
[BlackFideId "4404742"]
[WhiteElo "1912"]
[BlackElo "1939"]
[Result "0-1"]
[Round "05"]
[TimeControl "180+1"]
[Date "2022.08.18"]
[WhiteClock "0:00:00"]
[BlackClock "0:00:00"]

1. d4 Nf6 2. c4 g6 3. Nc3 Bg7 4. e4 d6 5. Nf3 O-O 6. Be2 Bg4 7. Ng1 Bxe2 8. Ngxe2 e5 9. d5 Nbd7 10. O-O Nc5 11. f3 a5 12. Be3 Qe7 13. b3 Nh5 14. a3 Nf4 15. g3 Nxe2+ 16. Nxe2 f5 17. b4 Na6 18. Qb3 h5 19. c5 Kh7 20. Rac1 Bh6 21. Bxh6 Kxh6 22. cxd6 cxd6 23. exf5 gxf5 24. Qe3+ Kg6 25. Qb6 axb4 26. axb4 Rac8 27. Rxc8 Rxc8 28. Rc1 Rxc1+ 29. Nxc1 e4 30. fxe4 fxe4 31. Ne2 e3 32. Nf4+ Kf5 33. Ne6 Qf6 34. Qxe3 Qa1+ 35. Kg2 Qb2+ 36. Kh3 Qe5 37. Qg5+ Ke4 38. Qxe5+ Kxe5 39. b5 Nb4 40. Ng7 Nxd5 41. Nxh5 Nc3 42. Nf4 Nxb5 43. Kg2 d5 44. h4 d4 45. h5 Nd6 46. Kf3 b5 47. g4 Nf7 48. Nd3+ Kd5 49. Kf4 Kc4 50. Ne5+ Nxe5 51. Kxe5 d3 52. h6 d2 53. h7 d1=Q 54. h8=Q Qa1+ 0-1


[Site "https://www.chess.com"]

[Event "Titled Tuesday Blitz August 16 Late 2022"]
[White "Nakamura, Hikaru"]
[Black "Hansen, Eric"]
[WhiteFideId "2016192"]
[BlackFideId "2606771"]
[WhiteElo "2850"]
[BlackElo "2568"]
[Result "1-0"]
[Round "05"]
[TimeControl "180+1"]
[Date "2022.08.16"]
[WhiteClock "0:00:03"]
[BlackClock "0:00:30"]

1. g3 d5 2. Bg2 Nf6 3. Nf3 g6 4. d3 Bg7 5. Bd2 Nc6 6. Qc1 e5 7. O-O O-O 8. c4 e4 9. dxe4 dxe4 10. Ng5 Nd4 11. Nc3 Bg4 12. Re1 Re8 13. h3 Bd7 14. Ngxe4 Nxe4 15. Nxe4 Bxh3 16. Bxh3 Rxe4 17. Be3 Rxe3 18. fxe3 Nc6 19. e4 Qe7 20. Qf4 Bxb2 21. Rad1 Ne5 22. Kh2 c6 23. Rf1 Rf8 24. Qe3 a5 25. Qb3 Ba3 26. Qc2 Bc5 27. Kg2 h5 28. Qc3 b6 29. Kh2 Re8 30. Rf4 Qg5 31. Rdf1 Bd6 32. Qd4 Bc7 33. Kg2 h4 34. Rxh4 Nxc4 35. Qh8# 1-0


[Site "https://www.chess.com"]

[Event "Titled Tuesday Blitz August 16 Late 2022"]
[White "Naroditsky, Daniel"]
[Black "Lenderman, Aleksandr"]
[WhiteFideId "2026961"]
[BlackFideId "2021285"]
[WhiteElo "2628"]
[BlackElo "2607"]
[Result "1/2-1/2"]
[Round "05"]
[TimeControl "180+1"]
[Date "2022.08.16"]
[WhiteClock "0:00:06"]
[BlackClock "0:00:05"]

1. e4 c6 2. d4 d5 3. f3 e6 4. Nc3 Nd7 5. Be3 Bb4 6. Bd3 dxe4 7. fxe4 e5 8. Nf3 exd4 9. Bxd4 Ngf6 10. O-O Bc5 11. Bc4 Bxd4+ 12. Qxd4 Qb6 13. Rad1 Qxd4+ 14. Rxd4 b5 15. Bb3 c5 16. Rd2 c4 17. Nxb5 cxb3 18. Nc7+ Ke7 19. Nxa8 Ba6 20. Ra1 Rxa8 21. axb3 Bb7 22. e5 Ne4 23. Re2 Nec5 24. Nd4 g6 25. Rd1 Ne6 26. c3 Nxd4 27. Rxd4 Nc5 28. b4 Ne6 29. Rd6 Rc8 30. Red2 Rc7 31. h4 Bc6 32. Rd1 h5 33. g3 Ng7 34. Kf2 Nf5 35. R6d2 Ke6 36. Re2 Bb5 37. Re4 Bc6 38. Re2 Bb5 39. Ree1 Bc6 40. b3 Nh6 41. Rd6+ Ke7 42. Kg1 Nf5 43. Rd3 Bd7 44. c4 Be6 45. b5 Rb7 46. Ra1 Ke8 47. Ra6 Ne7 48. Rd1 Nc8 49. Kf2 Rc7 50. Rda1 Rd7 51. Ke3 Bf5 52. Ke2 Rd3 53. Rc6 Rxb3 54. Rc7 Be6 55. Kd2 Rxg3 56. c5 Rb3 57. Ra5 Kd8 58. Rb7 Rb2+ 59. Kc3 Rb3+ 60. Kc2 Rb4 61. c6 Rc4+ 62. Kd3 Rxh4 63. Ra1 Rh3+ 64. Kd4 Rh4+ 65. Kc3 Rh3+ 66. Kb4 Rh4+ 67. Kc3 Rc4+ 68. Kd3 Rc5 69. Kd4 Rd5+ 70. Ke4 Rc5 71. Kd4 Rd5+ 72. Ke4 h4 73. Rh1 h3 74. Rxh3 Rxe5+ 75. Kxe5 Bxh3 76. Rxf7 Bf5 77. Rg7 Bc2 78. Kd5 Bf5 79. Kc5 Ke8 80. Kd5 Kd8 81. Ke5 Ke8 82. Kf6 Kd8 83. Rb7 Ke8 84. Rh7 Kd8 85. Ke5 Ke8 86. Kd4 Kd8 87. Kc5 Ke8 88. Rg7 Kd8 89. Kb4 Ke8 90. Ka5 Bd3 91. Ka6 Nd6 92. c7 Bxb5+ 93. Kxa7 Bd7 94. Rxg6 Nc8+ 95. Kb8 Ne7 96. Rh6 Kf7 97. Rd6 Bf5 98. Rd1 Bg4 99. Rf1+ Ke8 100. Re1 Kf7 101. Rf1+ Ke8 102. Rg1 Bf5 103. Re1 Bg4 104. Kb7 Kf7 105. Rf1+ Ke8 106. Re1 Bc8+ 107. Kb6 Bg4 108. Kc5 Kf7 109. Kd6 Nc8+ 110. Kc6 Ne7+ 111. Kb7 Bc8+ 112. Kb8 Bg4 113. Ra1 Bf5 114. Ra7 Bc8 115. Ra4 Bh3 116. Rf4+ Ke8 117. Rf3 Bg4 118. Rg3 Bf5 119. Re3 Bg4 120. Kb7 Kf7 121. Re1 Bc8+ 122. Kb6 Bg4 123. Kc5 Bc8 124. Rh1 Bg4 125. Rh7+ Ke8 126. Kd6 Nc8+ 127. Ke5 Ne7 128. Rg7 Bh3 129. Rh7 Bg4 130. Rh1 Kd7 131. Rc1 Kc8 132. Kf6 Nd5+ 133. Kg5 Bd7 134. Rc5 Nxc7 135. Rxc7+ Kxc7 1/2-1/2


[Site "https://www.chess.com"]

[Event "Titled Tuesday Blitz August 16 Late 2022"]
[White "Novikova, Galina"]
[Black "Burke, Paul"]
[WhiteFideId "4157095"]
[BlackFideId "2605767"]
[WhiteElo "1923"]
[BlackElo "1918"]
[Result "1-0"]
[Round "05"]
[TimeControl "180+1"]
[Date "2022.08.18"]
[WhiteClock "0:00:00"]
[BlackClock "0:00:00"]

1. e4 e5 2. Nf3 Nc6 3. Bc4 Be7 4. d4 exd4 5. c3 Nf6 6. e5 Ne4 7. Bd5 Nc5 8. cxd4 Ne6 9. Bb3 d5 10. Nc3 Bb4 11. O-O Bxc3 12. bxc3 O-O 13. Bc2 f5 14. Bd2 h6 15. a4 g5 16. Qb1 Ng7 17. Ne1 Rb8 18. Nd3 b6 19. Nb4 Nxb4 20. cxb4 Be6 21. Bb3 c6 22. Qc2 Rc8 23. a5 Qe8 24. axb6 axb6 25. Ra7 c5 26. bxc5 bxc5 27. dxc5 Qh5 28. Bb4 Rfe8 29. Qd1 Red8 30. Qxh5 Nxh5 31. g3 f4 32. Rc1 f3 33. c6 1-0


[Site "https://www.chess.com"]

[Event "Titled Tuesday Blitz August 16 Late 2022"]
[White "Nozdrachev, Leonid"]
[Black "Rytenko, Vsevolod"]
[WhiteFideId "24113433"]
[BlackFideId "14133040"]
[WhiteElo "2100"]
[BlackElo "2120"]
[Result "1-0"]
[Round "05"]
[TimeControl "180+1"]
[Date "2022.08.18"]
[WhiteClock "0:00:00"]
[BlackClock "0:00:00"]

1. e4 c5 2. c3 Nf6 3. e5 Nd5 4. d4 cxd4 5. Nf3 Nc6 6. Bc4 Nb6 7. Bb3 d5 8. exd6 Qxd6 9. O-O Be6 10. Bxe6 Qxe6 11. Nxd4 Nxd4 12. Qxd4 Rd8 13. Qe3 Qxe3 14. Bxe3 e6 15. Nd2 Nd5 16. Bxa7 b6 17. Nc4 Ra8 18. Bxb6 Rc8 19. b3 Rxc4 20. bxc4 Nxb6 21. Rfb1 Bc5 22. Rb5 Nd7 23. a4 Ke7 24. a5 Ra8 25. Rb7 Ra7 26. Rxa7 Bxa7 27. Rb1 Nc5 28. Kf1 Kd6 29. Ke2 Kc6 30. Rb5 Ne4 31. Rb3 Nd6 32. a6 Bb6 33. Rxb6+ Kxb6 34. c5+ Kxa6 35. cxd6 Kb6 36. c4 Kc6 37. c5 e5 38. g4 f6 39. h4 g6 40. h5 f5 41. gxf5 gxf5 42. Kd3 Kd7 43. Kc3 Ke6 44. Kc4 f4 45. f3 h6 46. Kd3 1-0


[Site "https://www.chess.com"]

[Event "Titled Tuesday Blitz August 16 Late 2022"]
[White "Omariev, Maksim"]
[Black "Bilych, Olexiy"]
[WhiteFideId "4193423"]
[BlackFideId "14156504"]
[WhiteElo "2496"]
[BlackElo "2157"]
[Result "0-1"]
[Round "05"]
[TimeControl "180+1"]
[Date "2022.08.16"]
[WhiteClock "0:00:02"]
[BlackClock "0:00:25"]

1. g4 d5 2. Bg2 Bxg4 3. c4 c6 4. Qb3 Nf6 5. Qxb7 Nbd7 6. d4 e6 7. Nc3 Be7 8. h3 Bf5 9. Bf4 O-O 10. Nf3 Qb6 11. Qxb6 axb6 12. Nh4 Be4 13. Nf3 Bb4 14. cxd5 cxd5 15. Bd2 Bxc3 16. Bxc3 Rfc8 17. O-O Ne8 18. Rfc1 Nd6 19. a4 h6 20. Bb4 Nc4 21. b3 Na5 22. Nd2 Bc2 23. Ra3 Nf6 24. f3 Bf5 25. Bf1 Rxc1 26. e3 Rac8 27. Kf2 R8c2 28. e4 dxe4 0-1


[Site "https://www.chess.com"]

[Event "Titled Tuesday Blitz August 16 Late 2022"]
[White "Oparin, Grigoriy"]
[Black "Rios Escobar, Adan"]
[WhiteFideId "24125890"]
[BlackFideId "3403645"]
[WhiteElo "2639"]
[BlackElo "2440"]
[Result "1-0"]
[Round "05"]
[TimeControl "180+1"]
[Date "2022.08.16"]
[WhiteClock "0:00:13"]
[BlackClock "0:00:02"]

1. c4 Nf6 2. Nc3 g6 3. e4 d6 4. d4 Bg7 5. h4 h5 6. f3 Nc6 7. Nge2 O-O 8. Bg5 a6 9. Qd2 Na5 10. Ng3 b5 11. cxb5 axb5 12. Bxb5 Nb3 13. Qd1 Nxa1 14. Qxa1 Ba6 15. Bxa6 Rxa6 16. O-O Qa8 17. Nge2 Rb8 18. Qc1 Qb7 19. b3 Qa7 20. Kh1 c5 21. d5 Kf8 22. Qc2 Nd7 23. a4 Ne5 24. Nb5 Qd7 25. Nec3 c4 26. Rb1 cxb3 27. Rxb3 Rc8 28. Qe2 Nc4 29. Rb4 Nb6 30. Nd4 Nc4 31. Nc6 Bxc3 32. Rxc4 Raxc6 33. dxc6 Rxc6 34. Qd3 Be5 35. Be3 Qb7 36. Rxc6 Qxc6 37. f4 Bf6 38. a5 Qa4 39. a6 Bxh4 40. Kh2 Bf6 41. a7 Kg7 42. Qd5 e6 43. a8=Q Qc2 44. Qd2 Qc4 45. Qb7 Qf1 46. Qxd6 h4 47. Qxe6 Qe2 48. Qexf7+ Kh6 49. Qh7# 1-0


[Site "https://www.chess.com"]